 Dungeon Crawl Stone Soup version 0.19-a0-981-gaae9137 (webtiles) character file.

347 Rainbowgamer28 the Slicer (level 6, -6/34 HPs)
             Began as a Kobold Wanderer on July 14, 2016.
             Mangled by Natasha (7 damage)
             ... on level 4 of the Dungeon.
             The game lasted 00:25:01 (3626 turns).

Rainbowgamer28 the Slicer (Kobold Wanderer)         Turns: 3626, Time: 00:25:03

Health: -6/34      AC:  8    Str: 11 (12) XL:     6   Next: 91%
Magic:  6/6        EV: 15    Int:  9 (10) God:
Gold:   84         SH:  0    Dex: 14 (16) Spells: 0 memorised, 5 levels left

rFire  + . .     SeeInvis .     r - +3 dagger (venom)
rCold  x . .     Gourm    .     j - +0 ring mail
rNeg   . . .     Faith    .     (shield restricted)
rPois  +         Spirit   .     (no helmet)
rElec  .         Dismiss  .     z - +1 cloak
rCorr  .         Reflect  .     p - +0 pair of gloves
SustAt .         Harm     .     (no boots)
MR     .....                    (no amulet)
Stlth  +.........               y - ring of poison resistance
                                g - ring of fire

@: not resistant to hostile enchantments, very unstealthy
A: carnivore 3
a: no special abilities


You were on level 4 of the Dungeon.
You were completely stuffed.

You visited 1 branch of the dungeon, and saw 4 of its levels.

You collected 84 gold pieces.

Inventory:

Hand Weapons
 a - a +2 short sword
 b - a +0 spear
 r - a +3 dagger of venom (weapon)
Missiles
 h - 5 needles of confusion
 x - a throwing net (quivered)
Armour
 d - a +0 robe
 e - a +0 leather armour
 j - a +0 ring mail (worn)
 p - a +0 pair of gloves (worn)
 z - a +1 cloak (worn)
Jewellery
 g - a ring of fire (left hand)
 y - a ring of poison resistance (right hand)
Scrolls
 i - a scroll of amnesia {unknown}
 m - a scroll of identify {unknown}
 n - 3 scrolls of remove curse {unknown}
 s - a scroll of magic mapping {unknown}
 t - a scroll of fog {unknown}
 w - a scroll of recharging {unknown}
Potions
 c - a potion of lignification
 l - 2 potions of degeneration
 q - 2 potions of might {unknown}
 u - a potion of brilliance {unknown}
 v - a potion of cancellation {unknown}
Comestibles
 f - 2 meat rations
 k - 3 slices of pizza


   Skills:
 - Level 1.1 Fighting
 + Level 9.0 Short Blades
   Level 1.0 Staves
 - Level 1.1 Throwing
 - Level 4.8 Dodging
   Level 1.0 Shields


You had 5 spell levels left.
You didn't know any spells.

Dungeon Overview and Level Annotations

Branches:
Dungeon (4/15)
 Temple: D:4-7

Altars:

Annotations:
D:4 Natasha


Innate Abilities, Weirdness & Mutations

You are small and have problems with some larger weapons.
You are carnivorous and can eat meat at any time.


Message History

Natasha mumbles some strange words.
Natasha glows brightly for a moment.
Natasha casts a spell at you. You resist with some effort.
Unknown command.
You hit Natasha but do no damage.
Natasha is poisoned.
Natasha casts a spell.
You puncture Natasha!
Natasha is heavily wounded.
You closely miss Natasha.
Natasha is heavily wounded.
Natasha barely misses you. The white imp gestures at you.
The puff of frost hits you!
You feel a terrible chill!
* * * LOW HITPOINT WARNING * * *
It was a potion of degeneration.
There was something very wrong with that liquid.
You feel weakened.
You feel dopey.
You feel clumsy. Natasha claws you!
You die...

#.# #.# ##
#.# .# #.# .#
#.# .# # #.#
.###.# #h#
.....#.# #@#
#.####.# #5#
#..# #.# #.#
##.###.# #)#
#..##.# #.#
###.##.# #.
#.# .....#.#
#.. #.#
.....#.#.
#..##.####.##
.....#.#.#
#............


You could see Natasha and a white imp.

Vanquished Creatures
  An ogre (D:4)
  Ijyb (D:3)
  A worker ant (D:3)
  4 adders
  7 gnolls
  An ooze (D:3)
  A dart slug (D:2)
  5 worms (D:2)
  5 giant geckos
  3 orcs (D:3)
  12 bats
  2 giant cockroaches
  8 goblins
  6 hobgoblins
  7 jackals
  9 kobolds
  A quokka (D:2)
  A ball python (D:3)
  7 giant newts
  5 rats
87 creatures vanquished.

Notes
Turn   | Place    | Note
-------+----------+-------------------------------------------
     0 | D:1      | Rainbowgamer28 the Kobold Wanderer began the quest for the Orb.
     0 | D:1      | Rainbowgamer28 set off with: a +2 short sword, a +0 spear, a potion of lignification, a +0 robe, a meat ration
     0 | D:1      | Reached XP level 1. HP: 12/12 MP: 1/1
    22 | D:1      | Reached skill level 3 in Short Blades
   236 | D:1      | Reached XP level 2. HP: 13/16 MP: 2/2
   361 | D:1      | Reached skill level 4 in Short Blades
   578 | D:1      | Reached XP level 3. HP: 18/20 MP: 3/3
  1076 | D:2      | Reached skill level 5 in Short Blades
  1386 | D:2      | Reached XP level 4. HP: 25/25 MP: 4/4
  1741 | D:2      | Reached skill level 6 in Short Blades
  1980 | D:2      | Reached XP level 5. HP: 24/29 MP: 5/5
  2592 | D:3      | Noticed Ijyb
  2697 | D:3      | Reached skill level 7 in Short Blades
  2967 | D:3      | Killed Ijyb
  2967 | D:3      | Reached XP level 6. HP: 27/34 MP: 6/6
  3228 | D:3      | Reached skill level 8 in Short Blades
  3598 | D:4      | Noticed an ogre
  3618 | D:4      | Noticed Natasha
  3620 | D:4      | Killed an ogre
  3620 | D:4      | Reached skill level 9 in Short Blades
  3625 | D:4      | HP: 1/34 [white imp/puff of frost[Natasha] (16)]
  3626 | D:4      | Mangled by Natasha

Vault maps used:
D:1:      tarquinn_simple_flora_water_d, corexii_leaking_fountain
D:2:      serial_forest, infiniplex_forest_end_2, infiniplex_forest_clump_tiny,
          infiniplex_forest_clump_tiny, infiniplex_forest_straight_2,
          infiniplex_forest_lined_4_way, infiniplex_forest_lined_corner,
          infiniplex_forest_end_1, first_bread
D:3:      serial_glass, glass_columns_a, glass_columns_a, glass_columns_b,
          glass_columns_b, glass_columns_a, feat_on_display,
          minmay_strange_pillars, item_on_display_a, uniq_iyjb
D:4:      enter_ossuary_3, uniq_grinder, uniq_natasha

Skill      XL: |  1  2  3  4  5  6 |
---------------+-------------------+-----
Short Blades   | 3 4 5 6 7 9 |  9.0
Fighting       | |  1.1
Staves         | |  1.0
Throwing       | |  1.1
Dodging        | |  4.8
Shields        | |  1.0

Action                   |  1- 3 |  4- 6 || total
-------------------------+-------+-------++-------
Melee: Short sword       |   101 |   189 ||   290
       Dagger            |       |    61 ||    61
Throw: Throwing net      |     2 |     1 ||     3
  Use: Potion            |       |     3 ||     3
 Stab: Sleeping          |     2 |       ||     2
  Eat: Chunk             |    10 |     7 ||    17
Armor: Robe              |    11 |       ||    11
       Leather armour    |     3 |    10 ||    13
       Ring mail         |       |    24 ||    24
Dodge: Dodged            |    88 |   184 ||   272
